 Dungeon Crawl Stone Soup version 0.27.1 (webtiles) character file.

Game seed: 10017660247978050364

672 Atelerd the Sneak (level 7, -12/41 HPs)
             Began as an Octopode Earth Elementalist on Sept 1, 2021.
             Mangled by an ogre (31 damage)
             ... on level 5 of the Dungeon.
             The game lasted 00:10:42 (5408 turns).

Atelerd the Sneak (Octopode Earth Elementalist)     Turns: 5408, Time: 00:10:43

Health: -12/41     AC:  1    Str:  8    XL:     7   Next: 58%
Magic:  2/13       EV: 13    Int: 19    God:
Gold:   109        SH:  0    Dex: 12    Spells: 9/14 levels left

rFire    . . .     SeeInvis .   c - +2 short sword (flame)
rCold    . . .     Faith    .   (no shield)
rNeg     . . .     Spirit   .   (helmet restricted)
rPois    .         Reflect  .   (no amulet)
rElec    .         Harm     .   (no ring)
rCorr    .         Rampage  .   (no ring)
Will     .....                  (no ring)
Stlth    ++++......             (no ring)
HPRegen  0.13/turn              (no ring)
MPRegen  0.13/turn              (no ring)
                                (no ring)
                                (no ring)

@: very slightly contaminated
A: almost no armour, amphibious, 8 rings, camouflage 1, gelatinous body 1,
(nimble swimmer 1), tentacles
a: no special abilities


You were on level 5 of the Dungeon.
You visited 1 branch of the dungeon, and saw 5 of its levels.
You also visited: Sewer.

You collected 109 gold pieces.

Inventory:

Hand Weapons
 a - a +0 long sword
 c - a +2 short sword of flaming (weapon)
Missiles
 b - 63 stones
 g - a throwing net
Scrolls
 d - a scroll of teleportation {unknown}
 e - a scroll of immolation {unknown}
 h - a scroll of blinking {unknown}
 i - 3 scrolls of amnesia {unknown}
 j - 2 scrolls of identify {unknown}
 k - a scroll of fog {unknown}
 m - a scroll of torment {unknown}
Potions
 f - a potion of brilliance {unknown}
 l - 3 potions of flight
 n - a potion of heal wounds


   Skills:
 - Level 2.0 Dodging
 + Level 6.0 Stealth
 + Level 4.2 Spellcasting
 - Level 4.0 Transmutations
 + Level 5.0 Earth Magic


You had 9 spell levels left.
You knew the following spells:

 Your Spells              Type           Power      Damage    Failure   Level
a - Sandblast             Erth           46%        2d11      1%          1
p - Petrify               Tmut/Erth      21%        N/A       22%         4

Your spell library contained the following spells:

 Spells                   Type           Power      Damage    Failure   Level
 Passwall                 Tmut/Erth      17%        N/A       3%          2
 Stone Arrow              Conj/Erth      26%        3d8       14%         3


Dungeon Overview and Level Annotations

Branches:
Dungeon (5/15)             Temple (0/1) D:5           Sewer (visited)

Altars:

Shops:
D:5 (

Annotations:
D:3 Grinder
D:4 exclusion: downstairs


Innate Abilities, Weirdness & Mutations

You cannot wear most types of armour.
You are amphibious.
You can wear up to eight rings at the same time.
Your skin changes colour to match your surroundings (Stealth+).
Your rubbery body absorbs attacks. (AC +1, EV +1)
((You are camouflaged near water. (Stealth+)))
You have tentacles for arms and can constrict up to eight enemies at once.


Message History

An ogre is nearby!
Found a staircase to the Ecumenical Temple.
Casting: Petrify (quite dangerous; 22% risk of failure)
Confirm with . or Enter, or press ? or * to list all spells.
The spell is quite dangerous to cast (22% risk of failure)!
Continue anyway?
Aiming: Petrify (quite dangerous; 22% risk of failure)
Press: ? - help, Shift-Dir - straight line, f - ogre
Aim: an ogre, wielding a +0 giant club (wandering, hasn't noticed you, chance to affect: 50%)
The ogre shouts!
The ogre resists with significant effort.
Casting: Petrify (quite dangerous; 22% risk of failure)
Confirm with . or Enter, or press ? or * to list all spells.
The spell is quite dangerous to cast (22% risk of failure)!
Continue anyway?
Aiming: Petrify (quite dangerous; 22% risk of failure)
Press: ? - help, Shift-Dir - straight line, f/p - ogre
Aim: an ogre, wielding a +0 giant club (chance to affect: 50%)
The ogre resists with significant effort.
Casting: Petrify (quite dangerous; 22% risk of failure)
Confirm with . or Enter, or press ? or * to list all spells.
The spell is quite dangerous to cast (22% risk of failure)!
Continue anyway?
Aiming: Petrify (quite dangerous; 22% risk of failure)
Press: ? - help, Shift-Dir - straight line, f/p - ogre
Aim: an ogre, wielding a +0 giant club (chance to affect: 50%)
The ogre resists with significant effort.
A scorpion comes into view.
Casting: Petrify (quite dangerous; 22% risk of failure)
Confirm with . or Enter, or press ? or * to list all spells.
The spell is quite dangerous to cast (22% risk of failure)!
Continue anyway?
Aiming: Petrify (quite dangerous; 22% risk of failure)
Press: ? - help, Shift-Dir - straight line, f/p - ogre
Aim: an ogre, wielding a +0 giant club (chance to affect: 50%)
You miscast Petrify.
You are very lightly contaminated with residual magic.
You feel a surge of energy from the ground.
An ogre comes into view. It is wielding a +0 giant spiked club.
The ogre shouts!
The ogre hits you with a +0 giant club!
The ogre hits you with a +0 giant club!!
Ouch! That really hurt!
You die...

######## ## #.....†# #.
#.####.############## .. ## #.#
#....@...O...... #. .## #.#
#♣##)..O######### #.
#.#####<###...#.#.## #######.
#.........♣∩♣...#..#######.......
#.####.####...###..........#####.
.## #.# #♣##.#.########### #. ##
#.# ##.## #. # #.# ### ##O # #.#
######..


You could see 2 ogres.

Vanquished Creatures
  A yak (D:4)
  An ogre (D:5)
  A kobold brigand (Sewer)
  A bullfrog zombie (D:3)
  2 iguanas (D:4)
  3 orc wizards
  3 river rats
  6 adders
  3 gnolls (D:4)
  6 worms
  3 dart slugs
  5 orcs
  6 endoplasms
  2 giant cockroaches
  5 goblins
  5 hobgoblins
  2 jackals (Sewer)
  3 quokkas
  5 ball pythons
  3 bats
  A frilled lizard (D:2)
  8 kobolds
  6 rats
81 creatures vanquished.

Vanquished Creatures (others)
  4 plants (D:5)
4 creatures vanquished.

Grand Total: 85 creatures vanquished

Notes
Turn   | Place    | Note
-------+----------+-------------------------------------------
     0 | D:1      | Atelerd the Octopode Earth Elementalist began the quest for
                  | the Orb.
     0 | D:1      | Reached XP level 1. HP: 11/11 MP: 3/3
   251 | D:1      | Reached skill level 3 in Stealth
   251 | D:1      | Reached XP level 2. HP: 17/17 MP: 5/5
  1181 | D:2      | Reached XP level 3. HP: 14/21 MP: 2/6
  1780 | D:2      | Reached XP level 4. HP: 27/27 MP: 7/7
  2422 | D:3      | Reached skill level 4 in Stealth
  2614 | D:3      | Reached XP level 5. HP: 29/31 MP: 4/9
  2646 | D:3      | Noticed Grinder
  2676 | D:3      | Learned a level 4 spell: Petrify
  2713 | D:3      | Found a glowing drain.
  2717 | Sewer    | Entered a sewer
  2899 | Sewer    | Noticed a kobold brigand
  2909 | Sewer    | Killed a kobold brigand
  2910 | Sewer    | Reached skill level 5 in Stealth
  2910 | Sewer    | Reached XP level 6. HP: 29/36 MP: 1/10
  3125 | Sewer    | Found a white marble altar of Elyvilon.
  4430 | D:5      | Entered Level 5 of the Dungeon
  4430 | D:5      | Noticed a yak
  4430 | D:5      | Noticed a yak
  4430 | D:5      | Noticed a yak
  4456 | D:4      | Killed a yak
  4457 | D:4      | Reached XP level 7. HP: 14/41 MP: 9/13
  4737 | D:4      | HP: 2/41 [yak (7)]
  5219 | D:5      | Found Zubyaschimus's Weapon Boutique.
  5232 | D:5      | Reached skill level 6 in Stealth
  5232 | D:5      | Reached skill level 5 in Earth Magic
  5366 | D:5      | Found a staircase to the Ecumenical Temple.
  5408 | D:5      | Mangled by an ogre

Illustrated notes

Levels and vault maps discovered:
D:1:      dpeg_arrival_simpleton_c, layout_basic
D:2:      layout_basic
D:3:      layout_loops_ring, grunt_temple_overflow_holy_war,
          gup_sewer_entry_spiral, uniq_grinder, uniq_natasha
D:4:      layout_loops_ring, dk_noncrumbling_3
D:5:      layout_loops_ring, minmay_temple_entry_overgrown, serial_shops,
          nicolae_shop_trees

Skill      XL: |  1  2  3  4  5  6  7 |
---------------+----------------------+-----
Stealth        | 3 4 5 6 |  6.0
Transmutations | 2 3 4 |  4.0
Spellcasting   | 3 4 |  4.2
Earth Magic    | 4 5 |  5.0
Dodging        | |  2.0

Action                   |  1- 3 |  4- 6 |  7- 9 || total
-------------------------+-------+-------+-------++-------
Melee: Long sword        |     6 |       |       ||     6
       Constrict         |     6 |    20 |     1 ||    27
       Unarmed           |     1 |       |       ||     1
       Short sword       |    22 |    68 |    13 ||   103
       Tentacles         |     1 |    13 |     5 ||    19
 Cast: Sandblast         |    13 |    43 |       ||    56
       Petrify           |       |     1 |    10 ||    11
  Use: Potion            |       |     3 |       ||     3
 Stab: Sleeping          |     9 |    11 |       ||    20
       Petrified         |       |     9 |     9 ||    18
       Petrifying        |       |     1 |       ||     1
Armor: Skin              |     1 |     4 |     1 ||     6
Dodge: Dodged            |    15 |    33 |     5 ||    53
       Rpst.: Long sword |     2 |       |       ||     2
